 Dungeon Crawl Stone Soup version 0.27.1-4-g1640c2035a (webtiles) character file.

Game seed: 15964382293639986108

10 zeram the Magician (level 2, 0/20 HPs)
             Began as a Gnoll Wanderer on Nov 17, 2021.
             Slain by a frilled lizard (1 damage)
             ... on level 1 of the Dungeon.
             The game lasted 00:01:03 (464 turns).

zeram the Magician (Gnoll Wanderer)                  Turns: 464, Time: 00:01:04

Health: 0/20       AC:  9    Str: 12    XL:     2   Next: 20%
Magic:  7/7        EV:  8    Int: 11    God:
Gold:   7          SH:  0    Dex: 10    Spells: 10/10 levels left

rFire    . . .     SeeInvis .   a - +0 dagger
rCold    . . .     Faith    .   (no shield)
rNeg     . . .     Spirit   .   d - +2 scale mail
rPois    .         Reflect  .   (no helmet)
rElec    .         Harm     .   (no cloak)
rCorr    .         Rampage  .   (no gloves)
Will     .....                  (no boots)
Stlth    ..........             (no amulet)
HPRegen  0.06/turn              (no ring)
MPRegen  0.10/turn              (no ring)

@: no status effects
A: fangs 1, strong nose, distributed training
a: no special abilities


You were on level 1 of the Dungeon.
You visited 1 branch of the dungeon, and saw 1 of its levels.

You collected 7 gold pieces.

Inventory:

Hand Weapons
 a - a +0 dagger (weapon)
Missiles
 c - 10 poisoned darts (quivered)
Armour
 d - a +2 scale mail (worn)
Scrolls
 b - a scroll of teleportation
Potions
 e - a potion of curing {unknown}


   Skills:
 + Level 0.3 Fighting
 + Level 0.3 Short Blades
 + Level 0.3 Long Blades
 + Level 0.3 Axes
 + Level 0.3 Maces & Flails
 + Level 0.3 Polearms
 + Level 0.3 Staves
 + Level 0.3 Slings
 + Level 0.3 Bows
 + Level 2.4 Crossbows
 + Level 4.4 Throwing
 + Level 4.4 Armour
 + Level 0.3 Dodging
 + Level 0.3 Stealth
 + Level 0.3 Shields
 + Level 0.3 Unarmed Combat
 + Level 4.9 Spellcasting
 + Level 0.2 Conjurations
 + Level 3.7 Hexes
 + Level 0.2 Summonings
 + Level 0.2 Necromancy
 + Level 0.2 Translocations
 + Level 0.2 Transmutations
 + Level 0.2 Fire Magic
 + Level 2.0 Ice Magic
 + Level 0.2 Air Magic
 + Level 0.2 Earth Magic
 + Level 0.2 Poison Magic
 + Level 0.4 Invocations
 + Level 0.3 Evocations


You had 10 spell levels left.
You didn't know any spells.
Your spell library was empty.

Dungeon Overview and Level Annotations

Branches:
Dungeon (1/15)

Altars:


Innate Abilities, Weirdness & Mutations

You have very sharp teeth.
Your uncanny sense of smell can sniff out nearby items.
Your experience applies equally to all skills.


Message History

The frilled lizard bites you but does no damage.
The endoplasm hits you but does no damage.
The quokka closely misses you.
You closely miss the quokka.
The quokka is severely wounded.
The quokka bites you but does no damage.
The endoplasm hits you but does no damage.
The frilled lizard bites you but does no damage.
You closely miss the quokka.
The quokka is severely wounded.
The quokka bites you.
The endoplasm hits you but does no damage.
The frilled lizard barely misses you.
The quokka bites you but does no damage.
You hit the quokka.
The quokka is almost dead.
The frilled lizard bites you.
* * * LOW HITPOINT WARNING * * *
The endoplasm freezes you.
You are frozen.
* * * LOW HITPOINT WARNING * * *
The quokka bites you but does no damage.
You closely miss the quokka.
The quokka is severely wounded.
The endoplasm freezes you.
You are frozen.
* * * LOW HITPOINT WARNING * * *
The frilled lizard bites you but does no damage.
The quokka bites you but does no damage.
You hit the quokka.
The quokka is almost dead.
The quokka barely misses you.
The endoplasm hits you but does no damage.
The frilled lizard bites you but does no damage.
Unknown command.
You hit the quokka.
You kill the quokka!
The endoplasm hits you but does no damage.
The frilled lizard bites you.
You die...

########### #########
#.?.......# #.......#
#.........# #.......# .
#.........# #.......#
..#.........###......)####
.....................)....
........J@...........#####
........†lr..........#
...###.....#........####
#...#####...........#
#.....# #...†)...##.#
#=......# #....†...# #
###..(..# #..#....##
###.... ..............
###........#.##....#


You could see an endoplasm, a frilled lizard and a rat.

Vanquished Creatures
  A dart slug (D:1)
  A ball python (D:1)
  A giant cockroach (D:1)
  A goblin (D:1)
  A quokka (D:1)
  2 bats (D:1)
  2 kobolds (D:1)
9 creatures vanquished.

Notes
Turn   | Place    | Note
-------+----------+-------------------------------------------
     0 | D:1      | zeram the Gnoll Wanderer began the quest for the Orb.
     0 | D:1      | zeram set off with the following items: a +0 dagger, a
                  | scroll of teleportation, 10 poisoned darts, a +2 scale mail
     0 | D:1      | Reached XP level 1. HP: 13/13 MP: 6/6
   291 | D:1      | Reached XP level 2. HP: 13/20 MP: 7/7
   462 | D:1      | HP: 1/20 [frozen (1)]
   464 | D:1      | Slain by a frilled lizard

Illustrated notes

Levels and vault maps discovered:
D:1:      elethiomel_arrival_maze, layout_rooms, minmay_unequal

Skill      XL: |  1 |
---------------+----+-----
Ice Magic      | 2 |  2.0
Fighting       | |  0.3
Short Blades   | |  0.3
Long Blades    | |  0.3
Axes           | |  0.3
Maces & Flails | |  0.3
Polearms       | |  0.3
Staves         | |  0.3
Slings         | |  0.3
Bows           | |  0.3
Crossbows      | |  2.4
Throwing       | |  4.4
Armour         | |  4.4
Dodging        | |  0.3
Stealth        | |  0.3
Shields        | |  0.3
Unarmed Combat | |  0.3
Spellcasting   | |  4.9
Conjurations   | |  0.2
Hexes          | |  3.7
Summonings     | |  0.2
Necromancy     | |  0.2
Translocations | |  0.2
Transmutations | |  0.2
Fire Magic     | |  0.2
Air Magic      | |  0.2
Earth Magic    | |  0.2
Poison Magic   | |  0.2
Invocations    | |  0.4
Evocations     | |  0.3

Action                   || total
-------------------------++-------
Melee: Dagger            ||    57
       Bite              ||     1
Armor: Scale mail        ||    56
Dodge: Dodged            ||    33
